 Dungeon Crawl Stone Soup version 0.29-a0-96-g93358da72b (webtiles) character file.

Game seed: 5127071438375151144

263 riojii the Firebug (level 6, 39/39 HPs)
             Began as an Octopode Fire Elementalist on Feb 11, 2022.
             Quit the game on level 3 of the Dungeon.
             The game lasted 00:06:32 (3256 turns).

riojii the Firebug (Octopode Fire Elementalist)     Turns: 3256, Time: 00:06:33

Health: 39/39      AC:  1    Str:  7    XL:     6   Next: 19%
Magic:  11/11      EV: 13    Int: 20    God:
Gold:   193        SH:  0    Dex: 12    Spells: 6/12 levels left

rFire   . . .      SeeInvis .   (no weapon)
rCold   . . .      Faith    .   (no shield)
rNeg    . . .      Spirit   .   (helmet restricted)
rPois   .          Reflect  .   h - amulet of magic regeneration
rElec   .          Harm     .   (no ring)
rCorr   .          Rampage  .   (no ring)
Will    .....                   (no ring)
Stlth   +++.......              (no ring)
HPRegen 0.13/turn               (no ring)
MPRegen 0.52/turn               (no ring)
                                (no ring)
                                (no ring)

@: no status effects
A: almost no armour, amphibious, 8 rings, camouflage 1, gelatinous body 1,
(nimble swimmer 1), tentacles
a: no special abilities


You were on level 3 of the Dungeon.
You visited 1 branch of the dungeon, and saw 3 of its levels.

You collected 193 gold pieces.

Inventory:

Jewellery
 h - an amulet of magic regeneration (around mantle)
Scrolls
 b - a scroll of immolation {unknown}
 e - 4 scrolls of magic mapping {unknown}
 f - a scroll of fog {unknown}
 g - a scroll of torment {unknown}
 l - a scroll of enchant armour {unknown}
 o - 3 scrolls of amnesia {unknown}
Potions
 c - a potion of invisibility
 d - 2 potions of mutation
 i - a potion of brilliance {unknown}
 j - a potion of might {unknown}
 k - 2 potions of curing
 m - 2 potions of attraction
 n - a potion of heal wounds {unknown}


   Skills:
 + Level 2.2 Fighting
 - Level 2.0 Dodging
 - Level 2.6 Stealth
 * Level 3.6 Spellcasting
 + Level 2.4 Conjurations
 * Level 4.5 Fire Magic


You had 6 spell levels left.
You knew the following spells:

 Your Spells              Type           Power      Damage    Failure   Level
a - Foxfire               Conj/Fire      68%        2x1d7     3%          1
b - Scorch                Fire           42%        2d7       3%          2
c - Conjure Flame         Conj/Fire      17%        6-21      10%         3

Your spell library contained the following spells:

 Spells                   Type           Power      Damage    Failure   Level
 Magic Dart               Conj           52%        1d5       4%          1
 Sting                    Tmut/Pois      12%        1d3       14%         1
 Inner Flame              Hex/Fire       12%        N/A       16%         3
 Call Imp                 Summ           3%         N/A       21%         2
 Poisonous Vapours        Pois/Air       6%         N/A       21%         2
 Mephitic Cloud           Conj/Pois/Air  6%         N/A       28%         3
 Flame Wave               Conj/Fire      17%        2d6       32%         4
 Olgreb's Toxic Radiance  Pois           3%         N/A       80%         4


Dungeon Overview and Level Annotations

Branches:
Dungeon (3/15)

Altars:
Elyvilon
Zin

Shops:
D:1 =   D:3 :


Innate Abilities, Weirdness & Mutations

You cannot wear most types of armour.
You are amphibious.
You can wear up to eight rings at the same time.
Your skin changes colour to match your surroundings (Stealth+).
Your rubbery body absorbs attacks. (AC +1, EV +1)
((You are camouflaged when in or above water. (Stealth+)))
You have tentacles for arms and can constrict up to eight enemies at once.


Message History

You conjure some foxfire!
You conjure some foxfire!
The foxfire hits the quokka.
The quokka is severely wounded.
The foxfire hits the quokka but does no damage.
The quokka is severely wounded.
You conjure some foxfire!
The foxfire hits the quokka!
You kill the quokka!
You conjure some foxfire!
Your foxfire dissipates!
Your foxfire dissipates!
Your foxfire dissipates!
Found a club.
An adder comes into view.
An adder is nearby!
An adder is nearby!
Casting: Foxfire (safe; 3% risk of failure)
Confirm with . or Enter, or press ? or * to list all spells.
Flames lash the adder.
The adder hisses angrily.
The adder is moderately wounded.
The adder's fire resistance burns away.
Casting: Scorch (safe; 3% risk of failure)
Confirm with . or Enter, or press ? or * to list all spells.
Flames lash the adder.
The adder is burned terribly!
You kill the adder!
Casting: Scorch (safe; 3% risk of failure)
Confirm with . or Enter, or press ? or * to list all spells.
You can't see any susceptible monsters within range! (Use Z to cast anyway.)
You see here an adder corpse.
You see here an adder corpse.
There is a stone staircase leading up here.
Done exploring.
Done exploring.
Done exploring.
Done exploring.
As you read the scroll of identify, it crumbles to dust.
m - 2 potions of attraction
As you read the scroll of identify, it crumbles to dust.
d - 2 potions of mutation Are you sure you want to abandon this character and quit the game? (Confirm with "yes".)

..........####### ##...........##
................###<############
......................#
......................#
......................#
......................#
......................#
8.#####.##............#########
..# #.##......@.....##......#
..## #.##............##......#
#..# #.##............##......###
...# #.##............##......##.
.#.####.################.........
..............# #.......#.
#############.# #.......#.
#.##########.......#.
#.............)......


There were no monsters in sight!

Vanquished Creatures
  2 scorpions
  Jessica (D:2)
  5 adders
  A worm (D:2)
  A dart slug (D:2)
  6 orcs (D:3)
  8 ball pythons
  7 bats
  4 endoplasms
  3 giant cockroaches
  2 goblins
  6 hobgoblins
  6 jackals (D:1)
  4 kobolds
  2 quokkas
  7 rats
65 creatures vanquished.

Vanquished Creatures (others)
  185 foxfires
185 creatures vanquished.

Grand Total: 250 creatures vanquished

Notes
Turn   | Place    | Note
-------+----------+-------------------------------------------
     0 | D:1      | riojii the Octopode Fire Elementalist began the quest for
                  | the Orb.
     0 | D:1      | Reached XP level 1. HP: 11/11 MP: 3/3
   256 | D:1      | Reached XP level 2. HP: 17/17 MP: 1/5
  1061 | D:1      | Found Beth's Jewellery Boutique.
  1106 | D:1      | Reached skill level 1 in Fighting
  1106 | D:1      | Reached XP level 3. HP: 23/23 MP: 3/6
  1474 | D:1      | Learned a level 2 spell: Scorch
  1890 | D:2      | Found a white marble altar of Elyvilon.
  1959 | D:2      | Found a faded altar of an unknown god.
  2059 | D:2      | Noticed Jessica
  2066 | D:2      | Killed Jessica
  2067 | D:2      | Reached XP level 4. HP: 28/28 MP: 4/8
  2088 | D:2      | Noticed a scorpion
  2102 | D:2      | Learned a level 3 spell: Conjure Flame
  2154 | D:2      | Killed a scorpion
  2155 | D:2      | Reached skill level 4 in Fire Magic
  2155 | D:2      | Reached XP level 5. HP: 34/34 MP: 5/9
  2536 | D:3      | Found Imoyrot's Book Emporium.
  2810 | D:3      | Found a glowing silver altar of Zin.
  2857 | D:3      | Reached XP level 6. HP: 39/39 MP: 7/11
  3256 | D:3      | Quit the game

Illustrated notes

Levels and vault maps discovered:
D:1:      scummos_arrival_hexagon, layout_basic, serial_shops, shop,
          chequers_garden, chequers_serial_rivers_large_b, minmay_cut_off
D:2:      minmay_razor_zed, layout_rooms, basic_altar,
          nicolae_ecumenical_snake_handling, uniq_jessica
D:3:      layout_basic, zin_statuary, serial_shops,
          nicolae_shop_temple_entry_statues_fountains,
          hangedman_decor_diamond_cutter

Skill      XL: |  1  2  3  4  5 |
---------------+----------------+-----
Fighting       | 1 2 |  2.2
Spellcasting   | 3 |  3.6
Conjurations   | 2 |  2.4
Fire Magic     | 4 |  4.5
Dodging        | |  2.0
Stealth        | |  2.6

Action                   |  1- 3 |  4- 6 || total
-------------------------+-------+-------++-------
Melee: Unarmed           |    23 |     2 ||    25
       Tentacles         |     9 |       ||     9
       Constrict         |     3 |     1 ||     4
       Punch             |     2 |       ||     2
 Cast: Foxfire           |    66 |    45 ||   111
       Scorch            |     5 |    16 ||    21
       Conjure Flame     |       |     2 ||     2
  Use: Scroll            |     2 |     2 ||     4
       Potion            |       |     3 ||     3
Armor: Skin              |     4 |     1 ||     5
Dodge: Dodged            |    21 |     2 ||    23

Table legend: (Time is in decaauts)
 A = Elapsed time spent in this place.
 B = Non-inter-level travel time spent in this place.
 C = Inter-level travel time spent in this place.
 D = Time resting spent in this place.
 E = Time spent auto-exploring this place.
 F = Levels seen in this place.
 G = Mean time per level.
                   A        B        C        D        E       F      G
               +--------+--------+--------+--------+--------+-----+--------+
         Total |   3261 |   3223 |     38 |     31 |   2696 |   3 | 1087.0 |
       Dungeon |   3261 |   3223 |     38 |     31 |   2696 |   3 | 1087.0 |
               +--------+--------+--------+--------+--------+-----+--------+

Top non-repeatable levels by time:
     D:1: 1464 daAuts
     D:2: 1018 daAuts
     D:3: 778 daAuts
